 Dungeon Crawl Stone Soup version 0.26.0-15-gc6cd9f7 (webtiles) character file.

Game seed: 16233679736693142626

6363 ilyvion the Fighter (level 10, -11/82 HPs)
             Began as a Gnoll Wanderer on Jan 21, 2021.
             Was an Initiate of Cheibriados.
             Killed by refrigeration
             ... invoked by Fannar
              (32 damage)
             ... on level 10 of the Dungeon on Jan 22, 2021.
             The game lasted 01:01:07 (13715 turns).

ilyvion the Fighter (Gnoll Wanderer)               Turns: 13715, Time: 01:01:08

Health: -11/82     AC: 12    Str: 18    XL:     10   Next: 97%
Magic:  18/18      EV: 13    Int: 16    God:    Cheibriados [......]
Gold:   460        SH:  0    Dex: 16    Spells: 20/20 levels left

rFire    . . .     SeeInvis .   a - +4 trident
rCold    . . .     Faith    +   (no shield)
rNeg     . . .     Spirit   .   d - +2 scale mail
rPois    +         Reflect  .   (no helmet)
rElec    .         Harm     .   (no cloak)
rCorr    .         Rampage  .   p - +0 pair of gloves (curse)
Will     +....                  B - +0 pair of boots
Stlth    ++........             R - amulet of faith
HPRegen  0.23/turn              o - ring of willpower
MPRegen  0.16/turn              n - ring of poison resistance

@: very slow
A: distributed training, fangs 1, strong nose
a: Renounce Religion, Bend Time


You were on level 10 of the Dungeon.
You worshipped Cheibriados.
Cheibriados was noncommittal.
You visited 2 branches of the dungeon, and saw 11 of its levels.

You collected 460 gold pieces.

Inventory:

Hand Weapons
 a - a +4 trident (weapon)
 b - a +0 shortbow
 l - a +1 battleaxe of freezing
 G - a +0 hunting sling
 O - a +2 halberd of freezing
Missiles
 e - 116 bolts
 f - 176 stones
 g - 190 arrows
 j - 5 javelins
 v - 7 curare-tipped darts
 y - 24 boomerangs (quivered)
 I - 36 sling bullets
 S - 29 poisoned darts
Armour
 d - a +2 scale mail (worn)
 p - a cursed +0 pair of gloves (worn)
 B - a +0 pair of boots (worn)
 U - a +1 leather armour of poison resistance
Magical Staves
 A - an uncursed staff of cold
Jewellery
 n - a ring of poison resistance (right hand)
 o - a ring of willpower (left hand)
 q - a +6 ring of intelligence
 R - an amulet of faith (around neck)
 V - an uncursed ring of magical power
Wands
 J - a wand of acid (4)
 K - a wand of disintegration (22)
 T - a wand of digging (7)
Scrolls
 h - 3 scrolls of identify
 i - 3 scrolls of fear
 s - a scroll of noise {unknown}
 t - 2 scrolls of remove curse
 z - 7 scrolls of teleportation
 D - a scroll of amnesia {unknown}
 E - a scroll of blinking {unknown}
 F - 2 scrolls of enchant armour
 H - a scroll of enchant weapon {unknown}
 L - 2 scrolls of magic mapping {unknown}
 N - a scroll of random uselessness {unknown}
 P - a scroll of silence {unknown}
Potions
 c - a potion of lignification
 k - 8 potions of curing
 m - 2 potions of attraction
 r - a potion of berserk rage
 u - a potion of haste
 x - a potion of heal wounds
 C - a potion of mutation
 M - 2 potions of flight
 Q - a potion of invisibility
Miscellaneous
 w - a phantom mirror (inert)


   Skills:
 + Level 8.8 Fighting
 + Level 5.7 Short Blades
 + Level 5.7 Long Blades
 + Level 5.7 Axes
 + Level 6.3 Maces & Flails
 + Level 5.7 Polearms
 + Level 5.7 Staves
 + Level 5.7 Slings
 + Level 5.7 Bows
 + Level 5.7 Crossbows
 + Level 5.7 Throwing
 + Level 6.3 Armour
 + Level 6.3 Dodging
 + Level 5.7 Stealth
 + Level 7.4 Shields
 + Level 7.4 Unarmed Combat
 + Level 5.7 Spellcasting
 + Level 4.7 Conjurations
 + Level 4.7 Hexes
 + Level 4.7 Summonings
 + Level 4.7 Necromancy
 + Level 4.7 Translocations
 + Level 4.7 Transmutations
 + Level 4.7 Fire Magic
 + Level 4.7 Ice Magic
 + Level 4.7 Air Magic
 + Level 4.7 Earth Magic
 + Level 4.7 Poison Magic
 + Level 6.3 Invocations
 + Level 5.7 Evocations


You had 20 spell levels left.
You didn't know any spells.
Your spell library contained the following spells:

 Spells                   Type           Power        Failure   Level
 Confusing Touch          Hex            19%          17%         3
 Gell's Gravitas          Tloc           9%           17%         3
 Petrify                  Tmut/Erth      19%          50%         4
 Irradiate                Conj/Tmut      9%           83%         5
 Metabolic Englaciation   Hex/Ice        9%           83%         5
 Yara's Violent Unravell  Hex/Tmut       9%           83%         5
 Hydra Form               Tmut           9%           100%        6
 Statue Form              Tmut/Erth      12%          100%        6
 Dragon Form              Tmut           9%           100%        7


Dungeon Overview and Level Annotations

Branches:
Dungeon (10/15)            Temple (1/1) D:7            Lair (0/6) D:8
    Orc: D:9-12

Altars:
Ashenzari
Cheibriados
Dithmenos
Elyvilon
Fedhas
Gozag
Hepliaklqana
Kikubaaqudgha
Makhleb
Nemelex Xobeh
Okawaru
Qazlal
Ru
Sif Muna
Trog
Uskayaw
Vehumet
Wu Jian
Xom
Yredelemnul
Zin
The Shining One
Lugonu

Portals:
Abyss: D:6

Annotations:
D:10 Fannar


Innate Abilities, Weirdness & Mutations

Your experience applies equally to all skills.
You have very sharp teeth.
Your uncanny sense of smell can sniff out nearby items.


Message History

* * * LOW HITPOINT WARNING * * *
The Fannars are frozen.
Fannar resists.
Fannar resists.
Fannar misses Fannar.
Evoke which item? (* to show all) (? for menu, Esc to quit)
Aiming: Disintegrate
Press: ? - help, Shift-Dir - straight line, f/p - Fannar
Aim: Fannar, wielding a +0 quarterstaff of freezing, wearing a +1 robe of cold resistance and wearing an uncursed ring of ice (moderately wounded, covered in an icy film, chance to affect: 37%) Fannar easily resists.
Fannar says, "Freeze!"
Fannar hits you but does no damage.
Evoke which item? (* to show all) (? for menu, Esc to quit)
Aiming: Disintegrate
Press: ? - help, Shift-Dir - straight line, f/p - Fannar
Aim: Fannar, wielding a +0 quarterstaff of freezing, wearing a +1 robe of cold resistance and wearing an uncursed ring of ice (moderately wounded, covered in an icy film, chance to affect: 37%) Fannar is blasted!
Fannar casts a spell.
Fannar drains the heat from the surrounding environment!
You feel very cold.
You die...

#..... .....
#....#.e....
#....#...... #........#
#....# #....## #....e#
..... #####e###.#..#
#@#...#.#.. #.e##.....#
##..##...##
######..##..##
##...###.##...#
##.....#.÷...#..##
#........#.#.##..# .
#.......##.#.## .####..
#...<†..##.#..##.......


You could see Fannar (icy armour).

Vanquished Creatures
  2 two-headed ogres (D:8)
  A centaur zombie (D:8)
  The ghost of Dani the Cleaver, an amateur DDFi of Makhleb (D:7)
  A hornet (D:8)
  A wraith (D:9)
  Grum (D:8)
  A water moccasin (D:9)
  3 orc warriors
  2 sky beasts
  3 ogres
  An eye of draining (D:8)
  A black bear (D:6)
  2 necrophages (D:6)
  3 phantoms (D:9)
  4 wolves (D:8)
  2 centaurs
  A big kobold (D:10)
  A gnoll sergeant (D:7)
  2 bullfrogs
  10 wights
  4 electric eels (D:8)
  4 howler monkeys
  4 hounds
  2 jellies
  2 centaur skeletons
  2 orc priests (D:6)
  2 iguanas (D:6)
  7 orc wizards
  4 worker ants
  A killer bee zombie (D:6)
  A hound zombie (D:9)
  5 hound skeletons
  14 adders
  11 gnolls
  4 shadow imps
  4 white imps
  An ooze (D:5)
  An adder zombie (D:8)
  2 adder skeletons
  4 worms
  2 dart slugs
  10 leopard geckos
  31 orcs
  4 bats
  6 giant cockroaches
  7 goblins
  11 hobgoblins
  12 jackals
  11 kobolds
  10 quokkas
  3 ball pythons
  5 frilled lizards
  A giant cockroach zombie (D:6)
  A jackal skeleton (D:5)
  A leopard gecko skeleton (D:4)
  2 leopard gecko zombies
  A quokka zombie (D:5)
  9 rats
249 creatures vanquished.

Vanquished Creatures (others)
  2 lurking horrors (D:6)
2 creatures vanquished.

Grand Total: 251 creatures vanquished

Notes
Turn   | Place    | Note
-------+----------+-------------------------------------------
     0 | D:1      | ilyvion the Gnoll Wanderer began the quest for the Orb.
     0 | D:1      | ilyvion set off with the following items: a +0 club, a
                  | scroll of teleportation, a potion of lignification, a +2
                  | scale mail
     0 | D:1      | Reached XP level 1. HP: 23/23 MP: 1/1
   215 | D:1      | Reached XP level 2. HP: 29/29 MP: 2/2
   557 | D:1      | Reached XP level 3. HP: 35/35 MP: 2/4
   759 | D:1      | Reached skill level 1 in Invocations
  1137 | D:2      | Reached skill level 1 in Short Blades
  1137 | D:2      | Reached skill level 1 in Long Blades
  1137 | D:2      | Reached skill level 1 in Axes
  1137 | D:2      | Reached skill level 1 in Polearms
  1137 | D:2      | Reached skill level 1 in Staves
  1137 | D:2      | Reached skill level 1 in Slings
  1137 | D:2      | Reached skill level 1 in Bows
  1137 | D:2      | Reached skill level 1 in Crossbows
  1137 | D:2      | Reached skill level 1 in Throwing
  1137 | D:2      | Reached skill level 1 in Stealth
  1137 | D:2      | Reached skill level 1 in Spellcasting
  1137 | D:2      | Reached skill level 1 in Evocations
  1161 | D:2      | Reached XP level 4. HP: 41/41 MP: 5/5
  1490 | D:2      | Reached skill level 1 in Conjurations
  1490 | D:2      | Reached skill level 1 in Hexes
  1490 | D:2      | Reached skill level 1 in Summonings
  1490 | D:2      | Reached skill level 1 in Necromancy
  1490 | D:2      | Reached skill level 1 in Translocations
  1490 | D:2      | Reached skill level 1 in Transmutations
  1490 | D:2      | Reached skill level 1 in Fire Magic
  1490 | D:2      | Reached skill level 1 in Ice Magic
  1490 | D:2      | Reached skill level 1 in Air Magic
  1490 | D:2      | Reached skill level 1 in Earth Magic
  1490 | D:2      | Reached skill level 1 in Poison Magic
  1944 | D:2      | Reached XP level 5. HP: 47/47 MP: 6/6
  2107 | D:3      | Found an opulent altar of Gozag.
  2444 | D:3      | Found a hide-covered altar of Uskayaw.
  3331 | D:4      | Reached XP level 6. HP: 53/53 MP: 8/8
  3688 | D:4      | Reached skill level 5 in Shields
  3688 | D:4      | Reached skill level 5 in Unarmed Combat
  3893 | D:4      | Reached XP level 7. HP: 59/59 MP: 10/10
  4087 | D:4      | Reached skill level 7 in Fighting
  4402 | D:5      | Entered Level 5 of the Dungeon
  5826 | D:6      | Reached XP level 8. HP: 67/67 MP: 12/12
  6821 | D:6      | Reached XP level 9. HP: 69/73 MP: 14/14
  6981 | D:6      | Found a corrupted altar of Lugonu.
  7277 | D:6      | You fall into a shaft and drop 1 floor!
  7507 | D:7      | Found a staircase to the Ecumenical Temple.
  7516 | Temple   | Entered the Ecumenical Temple
  8468 | D:6      | Found a one-way gate to the infinite horrors of the Abyss.
  8906 | D:7      | Found a runed translucent door.
  8910 | D:7      | Noticed Dani's ghost (amateur DDFi)
  8942 | D:7      | Killed Dani's ghost
  8943 | D:7      | Reached skill level 5 in Maces & Flails
  8943 | D:7      | Reached skill level 5 in Armour
  8943 | D:7      | Reached skill level 5 in Dodging
  9310 | D:8      | Reached skill level 8 in Fighting
  9310 | D:8      | Reached skill level 5 in Invocations
  9996 | D:8      | Reached XP level 10. HP: 53/80 MP: 17/17
 10544 | D:8      | Got a smoking trident
 10545 | D:8      | Identified the cursed +0 trident of Caocis {antimagic,
                  | Int+3} (You found it on level 8 of the Dungeon)
 10656 | D:8      | Noticed Grum
 10699 | D:8      | Killed Grum
 10701 | D:8      | Reached skill level 5 in Short Blades
 10701 | D:8      | Reached skill level 5 in Long Blades
 10701 | D:8      | Reached skill level 5 in Axes
 10701 | D:8      | Reached skill level 5 in Polearms
 10701 | D:8      | Reached skill level 5 in Staves
 10701 | D:8      | Reached skill level 5 in Slings
 10701 | D:8      | Reached skill level 5 in Bows
 10701 | D:8      | Reached skill level 5 in Crossbows
 10701 | D:8      | Reached skill level 5 in Throwing
 10701 | D:8      | Reached skill level 5 in Stealth
 10701 | D:8      | Reached skill level 5 in Spellcasting
 10701 | D:8      | Reached skill level 5 in Evocations
 11253 | D:8      | Noticed a two-headed ogre
 11387 | D:8      | Found a staircase to the Lair.
 11447 | D:8      | Killed a two-headed ogre
 12071 | D:9      | Noticed a two-headed ogre
 12140 | D:8      | Killed a two-headed ogre
 13068 | D:9      | Found a stormy altar of Qazlal.
 13071 | D:9      | Found a blossoming altar of Fedhas.
 13150 | D:9      | Found a burning altar of Makhleb.
 13150 | D:9      | Noticed a blizzard demon
 13244 | D:9      | Found a shimmering blue altar of Sif Muna.
 13299 | D:9      | Found an ancient bone altar of Kikubaaqudgha.
 13299 | D:9      | Found a radiant altar of Vehumet.
 13299 | D:9      | Found a hazy altar of Hepliaklqana.
 13304 | D:9      | Found an ornate altar of the Wu Jian Council.
 13305 | D:9      | Found a broken altar of Ashenzari.
 13306 | D:9      | Found a snail-covered altar of Cheibriados.
 13307 | D:9      | Found an iron altar of Okawaru.
 13309 | D:9      | Became a worshipper of Cheibriados the Contemplative
 13313 | D:9      | Found a shadowy altar of Dithmenos.
 13480 | D:10     | Entered Level 10 of the Dungeon
 13693 | D:10     | Noticed Fannar
 13715 | D:10     | Killed from afar by Fannar

Illustrated notes

Levels and vault maps discovered:
D:1:      dpeg_arrival_prison, layout_basic, minmay_pentomino_q4
D:2:      layout_basic
D:3:      minmay_octagon_keep, layout_rooms,
          nicolae_gozag_cash_rules_everything_around_me, lemuel_round_altar
D:4:      kennysheep_big_flooded_room, layout_basic, nrook_loot_triangle,
          minmay_puff
D:5:      layout_loops_corners, kennysheep_generic_room_10
D:6:      layout_loops_ring, amcnicky_altar_lugonu_corruption
D:7:      layout_basic, minmay_temple_entry_statues_fountains,
          gammafunk_ghost_grave
D:8:      layout_basic, lair_entry_dummy, uniq_grum
D:9:      layout_loops_ring, minitemple, st_stairs_2, nicolae_benzene_ring,
          makhleb_altar_promises_db
D:10:     layout_rooms, serial_bayou_pond_c, uniq_maurice, uniq_fannar,
          uniq_psyche
Temple:   compressed_dpeg_triangle_lava_temple

Skill      XL: |  1  2  3  4  5  6  7  8  9 10 |
---------------+-------------------------------+-----
Invocations    | 1 2 3 4 5 6 |  6.3
Short Blades   | 1 2 3 4 5 |  5.7
Long Blades    | 1 2 3 4 5 |  5.7
Axes           | 1 2 3 4 5 |  5.7
Polearms       | 1 2 3 4 5 |  5.7
Staves         | 1 2 3 4 5 |  5.7
Slings         | 1 2 3 4 5 |  5.7
Bows           | 1 2 3 4 5 |  5.7
Crossbows      | 1 2 3 4 5 |  5.7
Throwing       | 1 2 3 4 5 |  5.7
Stealth        | 1 2 3 4 5 |  5.7
Spellcasting   | 1 2 3 4 5 |  5.7
Evocations     | 1 2 3 4 5 |  5.7
Conjurations   | 1 2 3 4 |  4.7
Hexes          | 1 2 3 4 |  4.7
Summonings     | 1 2 3 4 |  4.7
Necromancy     | 1 2 3 4 |  4.7
Translocations | 1 2 3 4 |  4.7
Transmutations | 1 2 3 4 |  4.7
Fire Magic     | 1 2 3 4 |  4.7
Ice Magic      | 1 2 3 4 |  4.7
Air Magic      | 1 2 3 4 |  4.7
Earth Magic    | 1 2 3 4 |  4.7
Poison Magic   | 1 2 3 4 |  4.7
Maces & Flails | 3 4 5 6 |  6.3
Armour         | 3 4 5 6 |  6.3
Dodging        | 3 4 5 6 |  6.3
Shields        | 5 6 7 |  7.4
Unarmed Combat | 5 6 7 |  7.4
Fighting       | 7 8 |  8.8

Action                   |  1- 3 |  4- 6 |  7- 9 | 10-12 || total
-------------------------+-------+-------+-------+-------++-------
Melee: Club              |    53 |       |       |       ||    53
       Bite              |     7 |    21 |    29 |    13 ||    70
       Punch             |     1 |     2 |    11 |     6 ||    20
       Short sword       |    29 |   200 |    80 |       ||   309
       Trident           |       |       |   203 |   157 ||   360
 Fire: Hunting sling     |       |    17 |    24 |       ||    41
       Shortbow          |       |       |   225 |   114 ||   339
Throw: Stone             |    38 |   109 |     6 |       ||   153
       Javelin           |       |     4 |       |       ||     4
       Dart              |       |       |       |    22 ||    22
       Boomerang         |       |       |       |     4 ||     4
Evoke: Wand              |       |       |     2 |     4 ||     6
       Phantom mirror    |       |       |       |     1 ||     1
  Use: Scroll            |       |       |    12 |     2 ||    14
       Potion            |       |       |     1 |       ||     1
Armor: Scale mail        |    24 |    67 |   117 |    54 ||   262
Dodge: Dodged            |    46 |    72 |   152 |   116 ||   386
